cohdb
Replays
Latest Replays
All Replays
Popular Replays
Top Player Replays
Match Explorer
How It Works
Community
CoH3 Stats
Reddit
Sign in to upload your games and track your stats! →
Sign in with Steam
Match 46911990
Unlisted
Match 46911990
Overview
Messages
Build Orders
End
Pioneer Squad
Construct Infanterie Kompanie
Grenadier Squad
MG 42 Machine Gun Team
Selects Luftwaffe Battlegroup
Selects Luftwaffe Pioneer Support
Fallschirmpioneer Squad Paradrop
Fallschirmpioneer Squad Paradrop
Selects Stuka Strafing Run
Selects Fallschirmjäger Squad Paradrop
Fallschirmjäger Squad Paradrop
Construct Panzergrenadier Kompanie
Pak 40 Anti-tank Gun Team
Support Elements
StuG III G Assault Gun
Selects Stuka Loiter
Nebelwerfer 42 Rocket Launcher Team
Stuka Loiter
Nebelwerfer 42 Rocket Launcher Team
Medical Bunker
vonMises
란카
Glorb
Wolf 0815
Phan
WilllTHENOOBz
kamacura
A-Kai
0
0
Comments
sign in to comment!
No comments posted yet!